 Dungeon Crawl Stone Soup version 0.29-a0-330-g52719c12eb (console) character file.

Game seed: 13178137264939459857

280 teya the Chucker (level 6, -1/33 HPs)
             Began as a Vine Stalker Wanderer on Apr 13, 2022.
             Slain by Grinder (4 damage)
             ... on level 5 of the Dungeon.
             The game lasted 00:09:22 (4068 turns).

teya the Chucker (Vine Stalker Wanderer)            Turns: 4068, Time: 00:09:23

Health: -1/33      AC:  4    Str: 15    XL:     6   Next: 27%
Magic:  0/8        EV: 11    Int: 11    God:
Gold:   153        SH:  0    Dex: 16    Spells: 6/7 levels left

rFire   . . .      SeeInvis .   s - +0 rapier
rCold   . . .      Faith    .   (no shield)
rNeg    . . .      Spirit   +   e - +0 leather armour
rPois   .          Reflect  .   (no helmet)
rElec   .          Harm     .   (no cloak)
rCorr   .          Rampage  .   (no gloves)
Will    .....                   c - +0 pair of boots
Stlth   ++........              (no amulet)
HPRegen 0.91/turn               (no ring)
MPRegen 0.11/turn               (no ring)

@: no status effects
A: fangs 2, regeneration 1, magic shield, antimagic bite, no potion heal 2
a: no special abilities


You were on level 5 of the Dungeon.
You visited 1 branch of the dungeon, and saw 5 of its levels.

You collected 153 gold pieces.

Inventory:

Hand Weapons
 a - a +2 dagger
 f - a +0 short sword
 s - a +0 rapier (weapon)
Missiles
 b - 6 curare-tipped darts (quivered)
 t - 4 poisoned darts
Armour
 c - a +0 pair of boots (worn)
 e - a +0 leather armour (worn)
Jewellery
 q - a +6 ring of strength
Scrolls
 g - a scroll of immolation {unknown}
 i - 4 scrolls of fog {unknown}
 j - 2 scrolls of enchant weapon {unknown}
 k - 2 scrolls of identify {unknown}
 l - a scroll of enchant armour {unknown}
 n - a scroll of silence {unknown}
 o - a scroll of teleportation {unknown}
 r - a scroll of fear {unknown}
Potions
 d - 3 potions of lignification
 h - a potion of resistance
 m - 2 potions of mutation {unknown}
 p - a potion of haste {unknown}


   Skills:
 + Level 3.9 Fighting
 + Level 3.7 Short Blades
 - Level 4.5 Throwing
 - Level 1.0 Armour
 - Level 1.2 Stealth
 - Level 1.1 Spellcasting
 - Level 1.0 Transmutations


You had 6 spell levels left.
You knew the following spells:

 Your Spells              Type           Power      Damage    Failure   Level
a - Sting                 Tmut/Pois      4%         1d3       32%         1

Your spell library contained the following spells:

 Spells                   Type           Power      Damage    Failure   Level
 Ignite Poison            Fire/Tmut/Pois 1%         N/A       71%         3
 Animate Dead             Necr           0%         N/A       98%         4
 Borgnjor's Vile Clutch   Necr/Erth      0%         N/A       100%        5
 Death Channel            Necr           0%         N/A       100%        6
 Chain Lightning          Conj/Air       0%         N/A       100%        9
 Fire Storm               Conj/Fire      0%         5d1       100%        9
 Shatter                  Erth           0%         3d5*      100%        9


Dungeon Overview and Level Annotations

Branches:
Dungeon (5/15)
 Temple: D:4-7

Altars:
Hepliaklqana

Shops:
D:4 (

Annotations:
D:4 Dowan, Duvessa
D:5 Grinder


Innate Abilities, Weirdness & Mutations

You have extremely sharp teeth.
Your natural rate of healing is unusually fast.
When hurt, damage is shared between your health and your magic reserves.
Your bite disrupts and absorbs the magic of your enemies.
Potions cannot restore your health.


Message History

You hit the gnoll but do no damage.
The gnoll is severely wounded.
The gnoll hits you with a +0 scythe!
* * * LOW HITPOINT WARNING * * *
You take 9 damage, and have 2/33 hp.
MASSIVE DAMAGE!!
You now have 0/8 mp.
You closely miss the gnoll.
The gnoll is severely wounded.
The gnoll barely misses you.
You hit the gnoll.
You kill the gnoll!
t - 4 poisoned darts You regained 2 hp, and now have 7/33 hp.
There are no items here.
Press: ? - help, . - travel, g - get item You can't see that place. [Stash: a diamond-studded ring mail] [the floor.] Unknown command.
The gnoll shouts!
Grinder comes into view.
Grinder shouts!
A centaur comes into view.
Okay, then.
The gnoll barely misses you. The gnoll hits you with a +0 scythe!
* * * LOW HITPOINT WARNING * * *
Grinder blinks!
You see here a cyan potion.
You take 10 damage, and have 9/33 hp.
MASSIVE DAMAGE!!
You now have 1/8 mp.
Grinder attacks as you move away! Grinder closely misses you.
The gnoll misses you. The gnoll hits you with a +0 scythe!
* * * LOW HITPOINT WARNING * * *
You take 5 damage, and have 5/33 hp.
You now have 0/8 mp.
The gnoll completely misses you. Grinder attacks as you move away!
Grinder barely misses you. Grinder attacks as you move away! Grinder hits you.
* * * LOW HITPOINT WARNING * * *
You writhe in agony.
You die...

###.#####.###...
...............#
#..........# #..#..###..
#..#..# .#####!.#..# #
#........O..###..####
#######..#5...........#####
#).#@.###..##.......g
#####..#..# .####..#
...........###..[......O..
######...<......PPP.PP.###
##......#..P≈≈≈O..
#.......$...P.PP
##.....##.P≈≈≈≈. ##?..##


.PPP. #..## .... You could see Grinder and an ogre.

Vanquished Creatures
  A necrophage (D:4)
  A hound (D:4)
  An iguana (D:4)
  A gnoll (D:5)
  8 adders
  A worm (D:4)
  3 dart slugs
  4 orcs
  6 bats
  4 endoplasms
  3 giant cockroaches (D:3)
  5 goblins
  7 hobgoblins
  7 kobolds
  8 quokkas
  4 ball pythons
  2 frilled lizards
  3 rats
69 creatures vanquished.

Vanquished Creatures (others)
  2 fungi (D:5)
2 creatures vanquished.

Grand Total: 71 creatures vanquished

Notes
Turn   | Place    | Note
-------+----------+-------------------------------------------
     0 | D:1      | teya the Vine Stalker Wanderer began the quest for the Orb.
     0 | D:1      | teya set off with the following items: a +2 dagger, 4
                  | curare-tipped darts, a +0 pair of boots, a potion of
                  | lignification, a +0 leather armour; and the following spell
                  | memorised: Sting; and the following spells available to
                  | memorise: Ignite Poison
     0 | D:1      | Reached XP level 1. HP: 10/10 MP: 3/3
   252 | D:1      | Reached XP level 2. HP: 11/14 MP: 4/4
   449 | D:1      | Reached skill level 1 in Short Blades
  1065 | D:2      | Reached XP level 3. HP: 15/18 MP: 5/5
  1103 | D:2      | Found a hazy altar of Hepliaklqana.
  1945 | D:2      | Gained mutation: Your natural rate of healing is unusually
                  | fast. [Vine Stalker growth]
  1945 | D:2      | Reached XP level 4. HP: 20/23 MP: 6/6
  2331 | D:3      | HP: 1/23 [poisoned by an adder]
  2336 | D:3      | HP: 1/23 [poisoned by an adder]
  2742 | D:3      | Reached XP level 5. HP: 26/28 MP: 5/7
  2851 | D:3      | Found a faded altar of an unknown god.
  3398 | D:4      | Found Loczixye's Weapon Boutique.
  3579 | D:4      | Noticed Dowan
  3815 | D:4      | Noticed Duvessa
  3913 | D:5      | Entered Level 5 of the Dungeon
  3930 | D:4      | Reached XP level 6. HP: 20/33 MP: 6/8
  4058 | D:5      | Noticed Grinder
  4068 | D:5      | Slain by Grinder

Illustrated notes

Levels and vault maps discovered:
D:1:      sevenhm_arrival_forest_fort_small_3, layout_basic,
          palyth_stone_intersect
D:2:      layout_basic, basic_altar
D:3:      layout_loops_cross, dreamdust_ecumenical_altar_statues,
          chequers_serial_rivers_room_a
D:4:      layout_basic, serial_shops, nicolae_shop_bloodbath_and_beyond,
          uniq_duvessa
D:5:      layout_loops_ring, minmay_temple_entry_waves, dreamdust_gnoll_farm,
          uniq_grinder

Skill      XL: |  1  2  3  4  5 |
---------------+----------------+-----
Short Blades   | 1 2 3 |  3.7
Fighting       | 2 3 |  3.9
Throwing       | |  4.5
Armour         | |  1.0
Stealth        | |  1.2
Spellcasting   | |  1.1
Transmutations | |  1.0

Action                   |  1- 3 |  4- 6 || total
-------------------------+-------+-------++-------
Melee: Dagger            |   108 |   160 ||   268
       Bite              |    21 |    60 ||    81
       Rapier            |       |    24 ||    24
  Use: Potion            |       |     3 ||     3
 Stab: Sleeping          |       |     2 ||     2
Armor: Leather armour    |    24 |    34 ||    58
Dodge: Dodged            |    50 |    82 ||   132

Table legend: (Time is in decaauts)
 A = Elapsed time spent in this place.
 B = Non-inter-level travel time spent in this place.
 C = Inter-level travel time spent in this place.
 D = Time resting spent in this place.
 E = Time spent auto-exploring this place.
 F = Levels seen in this place.
 G = Mean time per level.
                   A        B        C        D        E       F      G
               +--------+--------+--------+--------+--------+-----+--------+
         Total |   4042 |   3887 |    155 |    994 |   2229 |   5 |  808.4 |
       Dungeon |   4042 |   3887 |    155 |    994 |   2229 |   5 |  808.4 |
               +--------+--------+--------+--------+--------+-----+--------+

Top non-repeatable levels by time:
     D:2: 1300 daAuts
     D:4: 1061 daAuts
     D:1: 931 daAuts
     D:3: 689 daAuts
     D:5: 60 daAuts
